 Dungeon Crawl Stone Soup version 0.23.0 (webtiles) character file.

Game seed: 13082120118787993602

337 Jethus the Skirmisher (level 6, -7/49 HPs)
             Began as a Demonspawn Abyssal Knight on Feb 15, 2019.
             Was a Priest of Lugonu.
             Mangled by an ogre
             ... wielding a +0 giant spiked club
              (20 damage)
             ... on level 5 of the Dungeon on Feb 16, 2019.
             The game lasted 00:26:42 (3460 turns).

Jethus the Skirmisher (Demonspawn Abyssal Knight)   Turns: 3460, Time: 00:26:43

Health: -7/49      AC:  5    Str: 14    XL:     6   Next: 28%
Magic:  0/9        EV: 17    Int: 13    God:    Lugonu [***...]
Gold:   121        SH:  0    Dex: 18    Spells: 5/5 levels left

rFire    . . .     SeeInvis .   i - +3 hand axe
rCold    + . .     Gourm    .   (no shield)
rNeg     . . .     Faith    .   b - +0 leather armour
rPois    .         Spirit   +   (no helmet)
rElec    .         Reflect  .   (no cloak)
rCorr    .         Harm     .   (no gloves)
MR       .....                  (no boots)
Stlth    ++........             t - amulet of guardian spirit
HPRegen  0.16/turn              j - ring of flight
MPRegen  0.11/turn              l - ring of protection from cold

@: agile
A: talons 1, iridescent scales 1, spiny 1, magic shield
a: Depart the Abyss, Bend Space, Banish, Renounce Religion, Evoke Flight


You were on level 5 of the Dungeon.
You worshipped Lugonu.
Lugonu was most pleased with you.
You were hungry.

You visited 1 branch of the dungeon, and saw 5 of its levels.
You visited the Abyss 1 time.

You collected 121 gold pieces.

Inventory:

Hand Weapons
 a - a +1 hand axe
 i - a +3 hand axe (weapon)
Missiles
 e - 8 tomahawks (quivered)
Armour
 b - a +0 leather armour (worn)
 n - a +1 chain mail
Jewellery
 j - a ring of flight (left hand)
 l - a ring of protection from cold (right hand)
 t - an amulet of guardian spirit (around neck)
Wands
 q - a wand of disintegration (16)
Scrolls
 d - 2 scrolls of remove curse
 f - a scroll of noise {unknown}
 g - 3 scrolls of immolation
 k - a scroll of enchant armour
 m - a scroll of identify
 r - 2 scrolls of amnesia
Potions
 p - 3 potions of might
 s - a potion of lignification {unknown}
Comestibles
 c - 4 rations


   Skills:
 * Level 4.6 Fighting
 + Level 2.9 Axes
 + Level 3.0 Armour
 + Level 2.3 Dodging
 + Level 4.2 Invocations


You had 5 spell levels left.
You didn't know any spells.
Your spell library was empty.

Dungeon Overview and Level Annotations

Branches:
Dungeon (5/15)
 Temple: D:4-7

Altars:
Fedhas
Yredelemnul


Innate Abilities, Weirdness & Mutations

You have sharp toenails.
You are partially covered in iridescent scales. (AC +2)
You are partially covered in sharp spines.
When hurt, damage is shared between your health and your magic reserves.


Message History

The floor, spattered with blood.
An orc comes into view. It is wielding a +0 mace of protection.
The orc shouts!
You hear an angry hiss.
The orc priest misses you.
There is an escape hatch in the floor here.
The ogre hits you with a +0 giant spiked club!
You slide downwards.
The hatch slams shut behind you.
It was a potion of agility.
You feel agile all of a sudden.
You hit the ogre but do no damage. You claw the ogre.
The ogre is lightly wounded.
The ogre hits you with a +0 giant spiked club!
* * * LOW HITPOINT WARNING * * *
You hit the ogre.
The ogre is moderately wounded.
The ogre closely misses you.
You hit the ogre. Your kick misses the ogre.
The ogre is moderately wounded.
The ogre hits you with a +0 giant spiked club!!
You die...

.# .# .## ..##
#. ...# #.# ..#
#
...#..##.##....
#....@O.....#
#...##########
##


You could see an ogre.

Vanquished Creatures
  An orc priest (D:4)
  A bullfrog skeleton (D:3)
  4 orc wizards
  6 adders
  A white imp (Abyss:1)
  A worm (D:3)
  4 dart slugs
  4 leopard geckos
  14 orcs
  7 giant cockroaches
  5 goblins
  9 hobgoblins
  6 jackals
  2 quokkas (D:3)
  A ball python (D:1)
  5 bats
  5 frilled lizards
  6 kobolds
  10 rats
92 creatures vanquished.

Notes
Turn   | Place    | Note
-------+----------+-------------------------------------------
     0 | Abyss:1  | Jethus the Demonspawn Abyssal Knight began the quest for
                  | the Orb.
     0 | Abyss:1  | Reached XP level 1. HP: 18/18 MP: 2/2
    52 | Abyss:1  | Reached skill level 1 in Dodging
   106 | Abyss:1  | Noticed a large abomination
   107 | D:1      | Escaped the Abyss
   503 | D:1      | Gained mutation: You have sharp toenails. [demonic
                  | ancestry]
   503 | D:1      | Reached XP level 2. HP: 24/24 MP: 4/4
   803 | D:1      | Reached * piety under Lugonu
   855 | D:1      | Reached XP level 3. HP: 27/29 MP: 5/5
  1580 | D:2      | Gained mutation: You are partially covered in iridescent
                  | scales. (AC +2) [demonic ancestry]
  1580 | D:2      | Reached XP level 4. HP: 29/36 MP: 6/6
  1878 | D:2      | Found a blossoming altar of Fedhas.
  1900 | D:2      | Reached ** piety under Lugonu
  2805 | D:3      | Found a basalt altar of Yredelemnul.
  2983 | D:3      | Gained mutation: You are partially covered in sharp spines.
                  | [demonic ancestry]
  2983 | D:3      | Reached XP level 5. HP: 42/42 MP: 7/7
  3270 | D:3      | Gained mutation: When hurt, damage is shared between your
                  | health and your magic reserves. [demonic ancestry]
  3270 | D:3      | Reached XP level 6. HP: 43/49 MP: 5/9
  3447 | D:4      | Reached *** piety under Lugonu
  3456 | D:5      | Entered Level 5 of the Dungeon
  3460 | D:5      | Mangled by an ogre

Skill      XL: |  1  2  3  4  5  6 |
---------------+-------------------+-----
Dodging        | 1 2 |  2.3
Axes           | 2 |  2.9
Armour         | 2 3 |  3.0
Invocations    | 3 4 |  4.2
Fighting       | 4 |  4.6

Action                   |  1- 3 |  4- 6 || total
-------------------------+-------+-------++-------
Melee: Hand axe          |   109 |   146 ||   255
       Kick              |    25 |    28 ||    53
Invok: Depart the Abyss  |     1 |       ||     1
  Use: Scroll            |     1 |     6 ||     7
       Potion            |       |     4 ||     4
 Stab: Sleeping          |       |     1 ||     1
  Eat: Chunk             |     1 |       ||     1
       Ration            |       |     2 ||     2
Armor: Leather armour    |    37 |    32 ||    69
Dodge: Dodged            |    69 |    68 ||   137
